 Dungeon Crawl Stone Soup version 0.30-a0-1160-g6e42c06551 (webtiles) character file.

Game seed: 14345329287045961683

57 Arzdou the Digger (level 4, -1/24 HPs)
             Began as a Gargoyle Earth Elementalist on Apr 25, 2023.
             Slain by Ijyb
             ... wielding a +4 dagger of flaming
              (4 damage)
             ... on level 2 of the Dungeon.
             The game lasted 00:02:20 (1143 turns).

Arzdou the Digger (Gargoyle Earth Elementalist)     Turns: 1143, Time: 00:02:21

Health: -1/24      AC:  6    Str: 12    XL:     4   Next: 0%
Magic:  4/8        EV: 12    Int: 17    God:
Gold:   47         SH:  0    Dex: 10    Spells: 7/8 levels left

rFire   . . .        l - +2 short sword (drain)
rCold   . . .        (no shield)
rNeg    + . .        a - +0 robe
rPois   ∞            c - +1 hat
rElec   +            (no cloak)
rCorr   .            (no gloves)
SInv    .            (no boots)
Will    .....        (no amulet)
Stlth   ++           (no ring)
HPRegen 0.24/turn    (no ring)
MPRegen 0.11/turn

%: no passive effects
@: no status effects
A: sickness immunity, AC +3, negative energy resistance 1, electricity
resistance, torment resistance 1, petrification resistance
a: no special abilities


You were on level 2 of the Dungeon.
You visited 1 branch of the dungeon, and saw 2 of its levels.

You collected 47 gold pieces.

Inventory:

Hand Weapons
 l - a +2 short sword of draining (weapon)
Armour
 a - a +0 robe (worn)
 c - a +1 hat (worn)
Scrolls
 d - a scroll of noise {unknown}
 e - a scroll of identify {unknown}
 f - a scroll of brand weapon {unknown}
 i - a scroll of amnesia {unknown}
 j - a scroll of enchant armour {unknown}
Potions
 b - a potion of magic
 g - a potion of curing {unknown}
 h - a potion of might {unknown}
 k - a potion of heal wounds {unknown}
 m - a potion of haste {unknown}
 n - a potion of cancellation {unknown}


   Skills:
 + Level 1.7 Dodging
 + Level 2.2 Stealth
 + Level 2.7 Spellcasting
 * Level 0.6 Conjurations
 + Level 1.0 Transmutations
 * Level 4.7 Earth Magic


You had 7 spell levels left.
You knew the following spells:

 Your Spells              Type           Power      Damage    Failure   Level
a - Sandblast             Erth           36%        2d10      2%          1

Your spell library contained the following spells:

 Spells                   Type           Power      Damage    Failure   Level
 Passwall                 Tmut/Erth      10%        N/A       9%          2
 Stone Arrow              Conj/Erth      22%        3d8       19%         3
 Petrify                  Tmut/Erth      12%        N/A       50%         4


Dungeon Overview and Level Annotations

Branches:
Dungeon (2/15)

Altars:

Annotations:
D:2 Ijyb


Innate Abilities, Weirdness & Mutations

You are immune to sickness and miasma.
Your stone body is resilient. (AC +3)
You are immune to poison.
You resist negative energy. (rN+)
You are resistant to electric shocks. (rElec)
You are resistant to unholy torment.
You are immune to petrification.


Message History

Ijyb burns you.
You bump into the rock wall.
Ijyb hits you with a +4 dagger of flaming.
Ijyb burns you.
You bump into the rock wall.
Ijyb zaps a wand.
You resist with some effort.
You bump into the rock wall.
Ijyb hits you with a +4 dagger of flaming.
Ijyb burns you.
* * * LOW HITPOINT WARNING * * *
You bump into the rock wall.
You feel less confused.
Ijyb hits you with a +4 dagger of flaming.
* * * LOW HITPOINT WARNING * * *
Ijyb burns you.
* * * LOW HITPOINT WARNING * * *
Ijyb zaps a wand.
Your will is overpowered!
You are confused.
The now-empty wand crumbles to dust.
You're too confused to cast spells.
Sorry, you're not good enough to have a special ability.
Unknown command.
You're too confused to cast spells.
Ijyb attacks as you move away! Ijyb hits you but does no damage.
Ijyb attacks as you move away! Ijyb closely misses you.
Ijyb screams, "I no like you!"
Ijyb hits you with a +4 dagger of flaming.
* * * LOW HITPOINT WARNING * * *
Ijyb burns you.
* * * LOW HITPOINT WARNING * * *
You feel less confused.
There is a stone staircase leading down here.
Casting: Sandblast (safe; 2% risk of failure)
Confirm with . or Enter, or press ? or * to list all spells.
Aiming: Sandblast (safe; 2% risk of failure)
Press: ? - help, Shift-Dir - straight line, f/p - Ijyb
Aim: Ijyb, wielding a +4 dagger of flaming and wearing a +0 ring mail (almost dead, 80% to hit)
The blast of sand misses Ijyb.
Ijyb screams, "I no like you!"
Ijyb hits you with a +4 dagger of flaming.
You die...

.. ..# .....# .....
####### ## .#.## #
.. >..# #. #. #..#
g.g. #..#.###..#
..g. #.........###
..... #...).<....#
..g.. #....@g..#.#
..g(..
#...#..###.##8.....
#.......##)#.......
#
#..#..)....'.......
+
#.......##.#.......
#
##.........##......
#####.##### #.....
#.# #...# #.# #+##


You could see Ijyb.

Vanquished Creatures
  2 adders (D:2)
  A worm (D:2)
  2 dart slugs (D:1)
  2 bats
  5 endoplasms
  6 goblins
  4 hobgoblins (D:1)
  A quokka (D:2)
  3 ball pythons
  A frilled lizard (D:1)
  3 rats
30 creatures vanquished.

Notes
Turn   | Place    | Note
-------+----------+-------------------------------------------
     0 | D:1      | Arzdou the Gargoyle Earth Elementalist began the quest for
                  | the Orb.
     0 | D:1      | Reached XP level 1. HP: 10/10 MP: 3/3
     2 | D:1      | Noticed a minotaur
     2 | D:1      | Noticed a demonspawn
     4 | D:1      | Noticed a vine stalker
     4 | D:1      | Noticed a tengu
     6 | D:1      | Noticed a formicid
     6 | D:1      | Noticed a draconian
     8 | D:1      | Noticed an ogre
     8 | D:1      | Noticed a gargoyle
    10 | D:1      | Noticed an elf
    12 | D:1      | Noticed a troll
    12 | D:1      | Noticed an octopode
    14 | D:1      | Noticed a ghoul
    14 | D:1      | Noticed a vampire
    16 | D:1      | Noticed an armataur
    16 | D:1      | Noticed a human
    18 | D:1      | Noticed a naga
    18 | D:1      | Noticed a merfolk
    20 | D:1      | Noticed a demigod
    22 | D:1      | Noticed a meteoran
    22 | D:1      | Noticed a felid
    24 | D:1      | Noticed an armataur
    24 | D:1      | Noticed a spriggan
    26 | D:1      | Noticed a gargoyle
    26 | D:1      | Noticed a ghoul
    32 | D:1      | Reached skill level 1 in Transmutations
   124 | D:1      | Reached XP level 2. HP: 15/15 MP: 3/5
   136 | D:1      | Reached skill level 4 in Earth Magic
   420 | D:1      | Found a faded altar of an unknown god.
   602 | D:1      | Reached XP level 3. HP: 19/19 MP: 4/6
  1111 | D:2      | Noticed Ijyb
  1121 | D:2      | Reached XP level 4. HP: 24/24 MP: 6/8
  1143 | D:2      | Slain by Ijyb

Illustrated notes

Levels and vault maps discovered:
D:1:      kb_arrival_jail, layout_rooms,
          dreamdust_ecumenical_altar_angels_and_demons
D:2:      kennysheep_the_goblin_king, layout_loops_corners

Skill      XL: |  1  2 |
---------------+-------+-----
Transmutations | 1 |  1.0
Earth Magic    | 4 |  4.7
Dodging        | |  1.7
Stealth        | |  2.2
Spellcasting   | |  2.7
Conjurations   | |  0.6

Action                     |  1- 3 |  4- 6 || total
---------------------------+-------+-------++-------
  Melee: Unarmed           |    13 |       ||    13
         Short sword       |     3 |     3 ||     6
   Cast: Sandblast         |    36 |     5 ||    41
 Armour: Robe              |     5 |     2 ||     7
  Dodge: Dodged            |    10 |     4 ||    14

Table legend: (Time is in decaauts)
 A = Elapsed time spent in this place.
 B = Non-inter-level travel time spent in this place.
 C = Inter-level travel time spent in this place.
 D = Time resting spent in this place.
 E = Time spent auto-exploring this place.
 F = Levels seen in this place.
 G = Mean time per level.
                   A        B        C        D        E       F      G
               +--------+--------+--------+--------+--------+-----+--------+
         Total |   1162 |   1104 |     58 |      0 |    913 |   2 |  581.0 |
       Dungeon |   1162 |   1104 |     58 |      0 |    913 |   2 |  581.0 |
               +--------+--------+--------+--------+--------+-----+--------+

Top non-repeatable levels by time:
     D:1: 718 daAuts
     D:2: 443 daAuts
